 Dungeon Crawl Stone Soup version 0.28.0 (webtiles) character file.

Game seed: 2050413232286755249

316 sanka the Gusty (level 6, 0/32 HPs)
             Began as a Tengu Earth Elementalist on Feb 9, 2022.
             Killed from afar by an orc wizard (10 damage)
             ... with a puff of flame
             ... on level 5 of the Dungeon.
             The game lasted 00:05:42 (3100 turns).

sanka the Gusty (Tengu Earth Elementalist)          Turns: 3100, Time: 00:05:43

Health: 0/32       AC:  2    Str:  8    XL:     6   Next: 44%
Magic:  2/10       EV: 14    Int: 17    God:
Gold:   109        SH:  0    Dex: 15    Spells: 2/9 levels left

rFire   . . .      SeeInvis .   (no weapon)
rCold   . . .      Faith    .   (no shield)
rNeg    . . .      Spirit   .   b - +0 robe
rPois   .          Reflect  .   (helmet restricted)
rElec   .          Harm     .   (no cloak)
rCorr   .          Rampage  .   (no gloves)
Will    .....                   (boots unavailable)
Stlth   ++........              (no amulet)
HPRegen 0.10/turn               (no ring)
MPRegen 0.12/turn               (no ring)

@: flying quickly and evasively, quick
A: beak, talons 3, nimble flight
a: no special abilities


You were on level 5 of the Dungeon.
You visited 1 branch of the dungeon, and saw 4 of its levels.

You collected 109 gold pieces.

Inventory:

Missiles
 c - 55 stones
Armour
 b - a +0 robe (worn)
Wands
 l - a wand of digging (7)
Scrolls
 a - a scroll of teleportation {unknown}
 d - 2 scrolls of immolation {unknown}
 f - a scroll of noise {unknown}
 h - 2 scrolls of identify {unknown}
 i - a scroll of magic mapping {unknown}
 k - a scroll of enchant weapon {unknown}
 m - a scroll of fog {unknown}
Potions
 e - a potion of attraction {unknown}
 g - a potion of brilliance {unknown}
 j - a potion of heal wounds {unknown}


   Skills:
 - Level 2.1 Dodging
 - Level 2.0 Stealth
 - Level 2.0 Spellcasting
 + Level 5.2 Conjurations
 - Level 0.7 Transmutations
 + Level 6.1 Air Magic
 - Level 2.1 Earth Magic


You had 2 spell levels left.
You knew the following spells:

 Your Spells              Type           Power      Damage    Failure   Level
a - Sandblast             Erth           18%        2d7       8%          1
b - Shock                 Conj/Air       80%        1d8       1%          1
c - Swiftness             Air            22%        N/A       4%          3
d - Passwall              Tmut/Erth      5%         N/A       16%         2

Your spell library contained the following spells:

 Spells                   Type           Power      Damage    Failure   Level
 Magic Dart               Conj           76%        1d6       2%          1
 Call Imp                 Summ           1%         N/A       28%         2
 Mephitic Cloud           Conj/Pois/Air  14%        N/A       12%         3
 Stone Arrow              Conj/Erth      28%        3d8       13%         3
 Airstrike                Air            11%        N/A       16%         4
 Petrify                  Tmut/Erth      6%         N/A       71%         4


Dungeon Overview and Level Annotations

Branches:
Dungeon (3/15)

Altars:

Shops:
D:1 *


Innate Abilities, Weirdness & Mutations

You have a beak for a mouth.
You have claws for feet.
Your magical nature lets you fly swiftly and evasively.


Message History

The magic dart hits you.
The zap hits the orc wizard.
The orc wizard is heavily wounded.
The zap hits the orc wizard.
The orc wizard is severely wounded.
A magic dart appears from out of thin air!
The magic dart hits you!
The zap hits something.
The zap hits the orc wizard but does no damage.
The orc wizard is heavily wounded.
The zap hits the orc wizard.
You kill the orc wizard!
Your Conjurations skill increases to level 5!
Unknown command.
The zap hits something.
Reactivating autopickup.
You feel a bit more experienced.
The zap misses the orc wizard.
Your Air Magic skill increases to level 6!
The zap misses the orc wizard.
The zap hits the orc wizard.
The orc wizard is heavily wounded.
The orc wizard gestures at you while chanting.
The magic dart hits you!
Unknown command.
You are too injured to fight recklessly!
Unknown command.
You are too injured to fight recklessly!
You are too injured to fight recklessly!
Unknown command.
Casting: Shock (safe; 1% risk of failure)
Confirm with . or Enter, or press ? or * to list all spells.
Aiming: Sandblast (safe; 8% risk of failure)
Press: ? - help, Shift-Dir - straight line, f/p - orc wizard
Aim: an orc wizard, wielding a +0 dagger and wearing a +0 robe (heavily wounded, 72% to hit)
The blast of sand hits the orc wizard.
The orc wizard is almost dead.
c - 55 stones The orc wizard points at you and mumbles some strange words.
The puff of flame hits you!
You die...

################
#..@o)..)......#
#.############o#
#.# ... #.# ..##
#.# .o. #.# #.##
#.# o# #.# oo
#.#


You could see an orc wizard.

Vanquished Creatures
  Sigmund (D:3)
  Jessica (D:3)
  2 orc wizards (D:5)
  Robin (D:2)
  3 worms
  3 dart slugs
  An orc (D:5)
  3 ball pythons (D:2)
  3 bats
  5 endoplasms
  7 goblins
  7 hobgoblins
  10 jackals
  2 quokkas
  4 frilled lizards
  4 kobolds
  5 rats
62 creatures vanquished.

Notes
Turn   | Place    | Note
-------+----------+-------------------------------------------
     0 | D:1      | sanka the Tengu Earth Elementalist began the quest for the
                  | Orb.
     0 | D:1      | Reached XP level 1. HP: 10/10 MP: 4/4
   177 | D:1      | Reached skill level 1 in Conjurations
   341 | D:1      | Learned a level 1 spell: Shock
   347 | D:1      | Found Akhlymoxt's General Store.
   373 | D:1      | Found Qeboir's Assorted Antiques.
   500 | D:1      | Reached XP level 2. HP: 13/15 MP: 6/6
   673 | D:1      | Found a faded altar of an unknown god.
   686 | D:1      | Reached skill level 1 in Air Magic
   975 | D:1      | Reached XP level 3. HP: 10/19 MP: 1/7
  1203 | D:1      | Reached skill level 2 in Air Magic
  1656 | D:2      | Noticed Robin
  1660 | D:2      | Killed Robin
  1704 | D:2      | Reached skill level 3 in Air Magic
  1704 | D:2      | Reached XP level 4. HP: 20/24 MP: 3/8
  1934 | D:2      | Learned a level 3 spell: Swiftness
  1937 | D:2      | Learned a level 2 spell: Passwall
  2722 | D:3      | Noticed Jessica
  2722 | D:3      | Noticed Sigmund
  2730 | D:3      | Killed Jessica
  2731 | D:3      | Reached skill level 4 in Air Magic
  2809 | D:3      | Killed Sigmund
  2810 | D:3      | Reached skill level 5 in Air Magic
  2810 | D:3      | Gained mutation: Your magical nature lets you fly swiftly
                  | and evasively. [Tengu growth]
  2810 | D:3      | Reached XP level 5. HP: 19/28 MP: 1/9
  2810 | D:3      | Reached XP level 6. HP: 22/32 MP: 1/10
  2985 | D:3      | You are sucked into a shaft and drop 2 floors!
  2985 | D:5      | Entered Level 5 of the Dungeon
  3097 | D:5      | Reached skill level 5 in Conjurations
  3098 | D:5      | Reached skill level 6 in Air Magic
  3100 | D:5      | Killed from afar by an orc wizard

Illustrated notes

Levels and vault maps discovered:
D:1:      minmay_arrival_stone_box, layout_basic,
          dreamdust_ecumenical_altar_statues, serial_shops,
          nicolae_shop_statue_plus, shop_statue, hex_medium
D:2:      layout_basic, uniq_robin
D:3:      layout_rooms, hangedman_decor_growths, uniq_jessica, uniq_sigmund
D:5:      layout_loops_ring, minmay_temple_entry_offerings

Skill      XL: |  1  2  3  4  5  6 |
---------------+-------------------+-----
Conjurations   | 2 3 4 5 |  5.2
Air Magic      | 1 3 5 6 |  6.1
Dodging        | |  2.1
Stealth        | |  2.0
Spellcasting   | |  2.0
Transmutations | |  0.7
Earth Magic    | |  2.1

Action                   |  1- 3 |  4- 6 || total
-------------------------+-------+-------++-------
Melee: Unarmed           |    45 |     7 ||    52
       Kick              |    11 |     2 ||    13
       Peck              |     7 |       ||     7
 Cast: Sandblast         |     3 |     4 ||     7
       Shock             |    43 |    70 ||   113
  Use: Potion            |     1 |       ||     1
 Stab: Sleeping          |     2 |       ||     2
Armor: Robe              |    13 |       ||    13
Dodge: Dodged            |    48 |    14 ||    62
